 Dungeon Crawl Stone Soup version 0.24-a0-368-g0e0cebd0f3 (webtiles) character file.

Game seed: 4113692069636192937

152 TheOvate the Sneak (level 5, -1/28 HPs)
             Began as a Kobold Enchanter on May 28, 2019.
             Killed by divine providence
             ... invoked by an orc priest
              (7 damage)
             ... on level 4 of the Dungeon.
             The game lasted 00:06:38 (3133 turns).

TheOvate the Sneak (Kobold Enchanter)               Turns: 3133, Time: 00:06:38

Health: -1/28      AC:  5    Str:  7    XL:     5   Next: 60%
Magic:  4/9        EV: 15    Int: 16    God:
Gold:   138        SH:  0    Dex: 15    Spells: 7/10 levels left

rFire    . . .     SeeInvis .   a - +1 dagger
rCold    . . .     Gourm    .   (shield restricted)
rNeg     . . .     Faith    .   t - +0 leather armour
rPois    .         Spirit   .   (no helmet)
rElec    .         Reflect  .   (no cloak)
rCorr    .         Harm     .   f - +0 pair of gloves
MR       .....                  u - +0 pair of boots
Stlth    +++.......             (no amulet)
HPRegen  0.09/turn              b - ring of wizardry
MPRegen  0.11/turn              w - ring of flight

@: no status effects
A: small, carnivore
a: Evoke Flight


You were on level 4 of the Dungeon.
You were completely stuffed.

You visited 1 branch of the dungeon, and saw 4 of its levels.

You collected 138 gold pieces.

Inventory:

Hand Weapons
 a - a +1 dagger (weapon)
 v - a +0 hunting sling
Missiles
 B - 9 poisoned darts (quivered)
Armour
 f - a +0 pair of gloves (worn)
 t - a +0 leather armour (worn)
 u - a +0 pair of boots (worn)
Jewellery
 b - a ring of wizardry (left hand)
 h - an uncursed ring of see invisible
 w - a ring of flight (right hand)
Wands
 x - a wand of acid (9)
Scrolls
 c - a scroll of enchant armour {unknown}
 e - 2 scrolls of fog {unknown}
 g - 3 scrolls of identify {unknown}
 i - a scroll of remove curse {unknown}
 p - a scroll of blinking {unknown}
 s - 3 scrolls of teleportation {unknown}
 y - 2 scrolls of noise {unknown}
 z - a scroll of immolation {unknown}
Potions
 j - a potion of invisibility {unknown}
 k - 2 potions of lignification {unknown}
 l - a potion of haste {unknown}
 m - 2 potions of brilliance {unknown}
 n - 2 potions of flight {unknown}
 o - 2 potions of magic {unknown}
 q - 2 potions of curing {unknown}
 r - a potion of heal wounds {unknown}
Comestibles
 d - 8 rations


   Skills:
 + Level 0.3 Fighting
 + Level 2.9 Short Blades
 + Level 0.1 Armour
 + Level 2.9 Dodging
 + Level 5.5 Stealth
 + Level 3.0 Spellcasting
 + Level 3.4 Hexes
 + Level 1.2 Ice Magic


You had 7 spell levels left.
You knew the following spells:

 Your Spells              Type           Power        Failure   Level  Hunger
a - Corona                Hex            ##.....      2%          1    #......
b - Ensorcelled Hibernat  Hex/Ice        ##....       6%          2    ##.....

Your spell library contained the following spells:

 Spells                   Type           Power        Failure   Level  Hunger
 Confuse                  Hex            ##......     8%          3    ###....
 Tukima's Dance           Hex            ##......     8%          3    ###....
 Dazzling Spray           Conj/Hex       #.....       16%         3    ###....


Dungeon Overview and Level Annotations

Branches:
Dungeon (4/15)
 Temple: D:4-7

Altars:
The Shining One

Annotations:
D:3 3 runed translucent doors, aaksess's ghost, amateur GnAs; adept's ghost, amateur GrFi; sking99's ghost, amateur HOMo


Innate Abilities, Weirdness & Mutations

You are small and have problems with some larger weapons.
You are carnivorous and can eat meat at any time.


Message History

The helpless jackal fails to defend itself.
You impale the jackal!!
You kill the jackal!
The orc priest looks encouraged for a moment.
Casting: Ensorcelled Hibernation (safe; 6% risk of failure)
Confirm with . or Enter, or press ? or * to list all spells.
Aiming: Ensorcelled Hibernation (safe; 6% risk of failure)
Press: ? - help, Shift-Dir - straight line, f - orc priest
Aim: an orc priest, wielding a -1 falchion and wearing a +0 leather armour (chance to defeat MR: 41%)
The jackal is unaffected.
The jackal bites you but does no damage.
The jackal barely misses you. The jackal barely misses you.
The jackal bites you but does no damage.
The orc priest calls down the wrath of Beogh upon you.
Beogh smites you!
* * * LOW HITPOINT WARNING * * *
The orc priest calls down the wrath of Beogh upon you.
Beogh smites you!
You die...

#.# #.h... #.#
#.<... #.#
#..... #.#
###.... #.#
###.o.... #.#
##...#####
#<########..###
#.##....oo.##
#.@h.#######
######


You could see an orc priest, an orc and a jackal.

Vanquished Creatures
  A hound (D:3)
  Jessica (D:2)
  5 adders
  A worm (D:3)
  4 dart slugs
  A leopard gecko (D:1)
  An orc (D:4)
  3 giant cockroaches
  4 goblins
  4 hobgoblins
  3 jackals
  4 kobolds
  A quokka (D:3)
  A ball python (D:2)
  A bat (D:3)
  2 frilled lizards
  2 rats
39 creatures vanquished.

Vanquished Creatures (others)
  A bat (D:3)
1 creature vanquished.

Grand Total: 40 creatures vanquished

Notes
Turn   | Place    | Note
-------+----------+-------------------------------------------
     0 | D:1      | TheOvate the Kobold Enchanter began the quest for the Orb.
     0 | D:1      | Reached XP level 1. HP: 10/10 MP: 3/3
   440 | D:1      | Reached XP level 2. HP: 15/15 MP: 1/5
   483 | D:1      | Learned a level 2 spell: Ensorcelled Hibernation
  1480 | D:2      | Reached XP level 3. HP: 19/19 MP: 3/6
  1702 | D:2      | Reached skill level 5 in Stealth
  1751 | D:2      | Noticed Jessica
  1760 | D:2      | Killed Jessica
  1760 | D:2      | Reached XP level 4. HP: 24/24 MP: 2/8
  1766 | D:2      | Reached skill level 1 in Ice Magic
  2401 | D:3      | Reached XP level 5. HP: 28/28 MP: 7/9
  2462 | D:3      | Found a runed translucent gate.
  2465 | D:3      | Found a runed translucent gate.
  2465 | D:3      | Found a runed translucent gate.
  2466 | D:3      | Noticed sking99's ghost (amateur HOMo)
  2466 | D:3      | Noticed aaksess's ghost (amateur GnAs)
  2467 | D:3      | Noticed adept's ghost (amateur GrFi)
  2856 | D:3      | Found a glowing golden altar of the Shining One.
  2975 | D:3      | Found a faded altar of an unknown god.
  3133 | D:4      | Killed from afar by an orc priest

Levels and vault maps discovered:
D:1:      lemuel_arrival_room, layout_loops_ring, corexii_hall_statues_i,
          dk_noncrumbling_4, chequers_jeans, minmay_misc_feat_hallway
D:2:      layout_loops_cross, uniq_jessica
D:3:      layout_basic, marbit_many_paths, gammafunk_ghost_cemetery,
          chequers_ecumenical_altar_grove
D:4:      layout_rooms, first_ration

Skill      XL: |  1  2  3  4 |
---------------+-------------+-----
Stealth        | 5 |  5.5
Short Blades   | 2 |  2.9
Ice Magic      | 1 |  1.2
Spellcasting   | 3 |  3.0
Fighting       | |  0.3
Armour         | |  0.1
Dodging        | |  2.9
Hexes          | |  3.4

Action                   |  1- 3 |  4- 6 || total
-------------------------+-------+-------++-------
Melee: Dagger            |    62 |    31 ||    93
 Cast: Corona            |     6 |       ||     6
       Ensorcelled Hiber |    14 |    16 ||    30
 Stab: Sleeping          |    10 |    15 ||    25
  Eat: Chunk             |    12 |     5 ||    17
Armor: Robe              |    10 |       ||    10
       Leather armour    |       |    10 ||    10
Dodge: Dodged            |    40 |    30 ||    70

Table legend:
 A = Non-vault XP
 B = Vault XP
 C = Vault XP percentage of total XP
 D = Non-vault monster count
 E = Vault monster count
 F = Vault count percentage of total count
                 A         B        C        D         E       F
            +---------+---------+-------+---------+---------+-------
      Total |     179 |      39 |  17.9 |      37 |       2 |   5.1
            +---------+---------+-------+---------+---------+-------
        D:1 |      20 |       0 |   0.0 |      10 |       0 |   0.0
        D:2 |      61 |      37 |  37.8 |      12 |       1 |   7.7
        D:3 |      93 |       2 |   2.1 |      13 |       1 |   7.1
        D:4 |       5 |       0 |   0.0 |       2 |       0 |   0.0
            +---------+---------+-------+---------+---------+-------
